 Dungeon Crawl Stone Soup version 0.19.0-2-gae57169 (webtiles) character file.

125 Gingerlord the Cudgeler (level 5, 0/32 HPs)
             Began as a Gargoyle Gladiator on Nov 5, 2016.
             Was a Follower of the Shining One.
             Killed from afar by scalarboson's ghost (22 damage)
             ... with an orb of energy
             ... on level 4 of the Dungeon.
             The game lasted 00:03:47 (2163 turns).

Gingerlord the Cudgeler (Gargoyle Gladiator)        Turns: 2163, Time: 00:03:48

Health: 0/32       AC: 17    Str: 18    XL:     5   Next: 9%
Magic:  5/5        EV:  8    Int:  9    God:    the Shining One [*.....]
Gold:   157        SH:  0    Dex: 11    Spells: 0 memorised, 4 levels left

rFire  . . .     SeeInvis .     a - +0 flail
rCold  . . .     Gourm    .     e - +0 chain mail
rNeg   + . .     Faith    .     (no shield)
rPois  ∞         Spirit   .     c - +0 helmet
rElec  +         Reflect  .     o - +1 cloak
rCorr  .         Harm     .     b - +0 pair of gloves
MR     .....                    (no boots)
Stlth  ..........               (no amulet)
                                (no ring)
                                (no ring)

@: glowing
A: negative energy resistance 1, electricity resistance, unbreathing,
petrification resistance, rot immunity, AC +4
a: Renounce Religion


You were on level 4 of the Dungeon.
You worshipped the Shining One.
The Shining One was aware of your devotion.
You were not hungry.

You visited 1 branch of the dungeon, and saw 4 of its levels.

You collected 157 gold pieces.

Inventory:

Hand Weapons
 a - a +0 flail (weapon)
Armour
 b - a +0 pair of gloves (worn)
 c - a +0 helmet (worn)
 e - a +0 chain mail (worn)
 o - a +1 cloak (worn)
Scrolls
 d - a scroll of enchant armour {unknown}
 g - 5 scrolls of identify {unknown}
 j - a scroll of teleportation {unknown}
 k - 3 scrolls of remove curse {unknown}
 n - a scroll of recharging {unknown}
 q - a scroll of noise {unknown}
 r - 2 scrolls of amnesia {unknown}
Potions
 h - 2 potions of curing {unknown}
 i - 2 potions of brilliance {unknown}
 l - a potion of heal wounds {unknown}
 m - a potion of degeneration {unknown}
 s - a potion of flight {unknown}
 u - a potion of might {unknown}
Comestibles
 f - 4 bread rations
 p - a beef jerky


   Skills:
 + Level 3.4 Fighting
 + Level 4.0 Maces & Flails
 - Level 1.7 Throwing
 + Level 2.1 Armour
 + Level 2.9 Dodging


You had 4 spell levels left.
You didn't know any spells.

Dungeon Overview and Level Annotations

Branches:
Dungeon (4/15)
 Temple: D:4-7

Altars:
Ashenzari
Cheibriados
The Shining One

Annotations:
D:4 scalarboson's ghost, amateur TeCj


Innate Abilities, Weirdness & Mutations

You are resistant to torment.
Your stone body is resilient. (AC +4)
You are immune to poison.
You resist negative energy. (rN+)
You are resistant to electric shocks. (rElec)
You can survive without breathing.
You are immune to petrification.
You are immune to rotting.


Message History

Scalarboson's ghost (amateur Tengu Conjurer) comes into view.
Scalarboson's ghost turns its malevolent gaze towards you.
You thump the worker ant!
You kill the worker ant!
You have reached level 5!
An adder comes into view.
The adder hisses angrily.
The quokka skeleton closely misses you.
Scalarboson's ghost gestures at you while chanting.
The orb of energy hits you!
You sock the quokka skeleton!
You destroy the quokka skeleton!
The Shining One accepts your kill.
Your Maces & Flails skill increases to level 4!
Unknown command.
Scalarboson's ghost screams, "Don't try to defend!
You have no chance!"
Scalarboson's ghost casts a spell at you.
The orb of energy hits you!
Ouch! That really hurt!
You die...

#....... #≈≈≈≈#
#...[..###≈≈≈≈≈≈
#.........≈≈....
##...<....≈≈.....
#........≈....≈≈.
#...?..≈..≈≈..≈ ####
#......≈≈....≈
....####...@..S.⌠≈≈.
##...#........≈≈⌠..
##.....<......≈....≈
#.............≈..≈≈.
#.......W......≈≈...
#..................≈
...................≈≈
............###≈≈≈≈≈≈
.............# #≈


You could see scalarboson's ghost and an adder.

Vanquished Creatures
  A worker ant (D:4)
  3 adders
  2 oozes (D:1)
  2 worms (D:2)
  A dart slug (D:1)
  2 leopard geckos (D:2)
  An orc (D:3)
  5 bats
  3 giant cockroaches
  4 goblins
  6 hobgoblins
  4 jackals (D:3)
  2 quokkas (D:2)
  A ball python (D:2)
  2 frilled lizards
  8 kobolds
  A quokka skeleton (D:4)
  4 rats (D:2)
52 creatures vanquished.

Vanquished Creatures (others)
  2 plants (D:2)
2 creatures vanquished.

Grand Total: 54 creatures vanquished

Notes
Turn   | Place    | Note
-------+----------+-------------------------------------------
     0 | D:1      | Gingerlord the Gargoyle Gladiator began the quest for the Orb.
     0 | D:1      | Reached XP level 1. HP: 12/12 MP: 1/1
   193 | D:1      | Reached XP level 2. HP: 18/18 MP: 2/2
   200 | D:1      | Found a glowing golden altar of the Shining One.
   293 | D:1      | Became a worshipper of the Shining One
   382 | D:1      | Reached skill level 1 in Armour
   513 | D:1      | Reached XP level 3. HP: 11/22 MP: 3/3
   713 | D:1      | You fall through a shaft!
  1174 | D:2      | Reached XP level 4. HP: 28/28 MP: 4/4
  1596 | D:3      | Found a snail-covered altar of Cheibriados.
  1958 | D:3      | Found a shattered altar of Ashenzari.
  2160 | D:4      | Noticed scalarboson's ghost (amateur TeCj)
  2160 | D:4      | Reached * piety under the Shining One
  2160 | D:4      | Reached XP level 5. HP: 32/32 MP: 5/5
  2162 | D:4      | Reached skill level 4 in Maces & Flails
  2163 | D:4      | Killed from afar by scalarboson's ghost

Skill      XL: |  1  2  3  4  5 |
---------------+----------------+-----
Armour         | 1 2 |  2.1
Fighting       | 3 |  3.4
Maces & Flails | 4 |  4.0
Throwing       | |  1.7
Dodging        | |  2.9

Action                   |  1- 3 |  4- 6 || total
-------------------------+-------+-------++-------
Melee: Flail             |   105 |    68 ||   173
  Eat: Chunk             |       |     4 ||     4
Armor: Leather armour    |     5 |       ||     5
       Chain mail        |    70 |    45 ||   115
Dodge: Dodged            |    55 |    36 ||    91
